 Dungeon Crawl Stone Soup version 0.30-a0-1008-g30c9307041 (webtiles) character file.

Game seed: 14681470546261406777

617725 Khashishi the Englaciator (level 27, -19/149 HPs)
             Began as a Vine Stalker Ice Elementalist on Apr 3, 2023.
             Was a High Priest of Sif Muna.
             Demolished by Tiamat
             ... wielding a +3 heavy bardiche
              (76 damage)
             ... on level 1 of the Realm of Zot on Apr 6, 2023.
             The game lasted 09:43:17 (60902 turns).

Khashishi the Englaciator (VSIE)                   Turns: 60902, Time: 09:43:17

Health: -19/149    AC: 36    Str: 23    XL:     27
Magic:  0/53       EV: 16    Int: 33    God:    Sif Muna [*****.]
Gold:   6596       SH: 15    Dex: 18    Spells: 15/77 levels left

rFire   + + +      SeeInvis .    i - staff of cold "Vitucafi" {Fragile rElec rC+ Str+2 Int+5}
rCold   + + .      Faith    .    M - +3 buckler {rF+}
rNeg    + + +      Spirit   +    t - +3 faerie dragon scales {rF+ rCorr Str+4}
rPois   +          Reflect  +    R - +2 helmet {Int+3}
rElec   +          Rampage  .    c - scarf of Quyb {rC+ rF+, Fly Will+++}
rCorr   +                        s - +2 pair of gloves {Str+3}
Will    +++++                    r - +3 pair of mountain boots {steadfast, rC+}
Stlth   +++                      N - amulet of Nemelex Xobeh's Hope {Reflect rPois rN+ rCorr SH+5}
HPRegen 1.24/turn                P - ring of Wonder {rCorr AC+4}
MPRegen 0.33/turn                J - ring "Qesavoos" {Fire +Blink rN+++ Will- Dex+2}

@: ice-armoured, in a vortex, channelling, flying, studying 4 skills
A: fangs 3, regeneration 1, magic shield, antimagic bite, no potion heal 2
}: 5/15 runes: decaying, slimy, silver, abyssal, gossamer
a: Renounce Religion, Evoke Blink, Channel Magic, Forget Spell, Divine Exegesis


You were on level 1 of the Realm of Zot.
You worshipped Sif Muna.
Sif Muna was extremely pleased with you.
You visited 12 branches of the dungeon, and saw 50 of its levels.
You visited the Abyss 2 times.
You also visited: Ossuary and Ice Cave.

You collected 8018 gold pieces.
You spent 1422 gold pieces at shops.

Inventory:

Armour
 c - the scarf of Quyb (worn) {rC+ rF+, Fly Will+++}
   (You found it on level 4 of the Depths)

   Fly:       It grants you flight.
   Will:      It greatly increases your willpower.
 r - the +3 pair of mountain boots (worn) {steadfast, rC+}
   (You bought it in a shop on level 2 of the Orcish Mines)

   Steadfast: It prevents involuntary movement, except for blinking,
   teleportation, or banishment.
   rC:        It protects you from cold.
 s - a +2 pair of gloves of strength (worn)
 t - the +3 faerie dragon scales (worn) {rF+ rCorr Str+4}
   (You took it off the Enchantress on level 2 of the Depths)

   Str:       It affects your strength (+4).
   rF:        It protects you from fire.
   rCorr:     It protects you from acid and corrosion.
 M - a +3 buckler of fire resistance (worn)
 R - a +2 helmet of intelligence (worn)
Magical Staves
 i - the staff of cold "Vitucafi" (weapon) {Fragile rElec rC+ Str+2 Int+5}
   (You found it on level 2 of the Swamp)

   [staff of cold]

   Base accuracy: +5 Base damage: 5 Base attack delay: 1.2 This weapon's minimum
   attack delay (0.6) is reached at skill level 12.
   Str:       It affects your strength (+2).
   Int:       It affects your intelligence (+5).
   rC:        It protects you from cold.
   rElec:     It insulates you from electricity.
   Fragile:   It will be destroyed if unequipped.
   It falls into the 'Staves' category.
   It is a one-handed weapon.
Jewellery
 j - a ring of willpower
 q - a +5 ring of evasion
 J - the ring "Qesavoos" (right hand) {Fire +Blink rN+++ Will- Dex+2}
   (You acquired it on level 2 of the Vaults)

   [ring of fire]

   It enhances your fire magic.
   Dex:       It affects your dexterity (+2).
   rF:        It protects you from fire.
   rC:        It makes you vulnerable to cold.
   rN:        It renders you almost immune to negative energy.
   +Blink:    It lets you blink.
   Will:      It decreases your willpower.
 N - the amulet of Nemelex Xobeh's Hope (around neck) {Reflect rPois rN+ rCorr SH+5}
   (You took it off a deep elf annihilator on level 3 of the Elven Halls)

   [amulet of reflection]

   It reflects blocked missile attacks.
   rPois:     It protects you from poison.
   rN:        It protects you from negative energy.
   rCorr:     It protects you from acid and corrosion.
   SH:        It affects your SH (+5).
 P - the ring of Wonder (left hand) {rCorr AC+4}
   (You took it off a wizard on level 3 of the Depths)

   [ring of protection]

   AC:        It affects your AC (+4).
   rCorr:     It protects you from acid and corrosion.
 S - the ring of the Death Scarab {*Corrode rF++ rC+++ AC+4 Dex-2}
   (You took it off an ironbound preserver on level 5 of the Vaults)

   [ring of protection]

   AC:        It affects your AC (+4).
   Dex:       It affects your dexterity (-2).
   rF:        It greatly protects you from fire.
   rC:        It renders you almost immune to cold.
   *Corrode:  It may corrode you when you take damage.
Wands
 w - a wand of quicksilver (24)
 y - a wand of digging (8)
Scrolls
 g - 7 scrolls of blinking
 m - 9 scrolls of fog
 o - 9 scrolls of magic mapping
 u - 19 scrolls of teleportation
 C - 2 scrolls of immolation
 I - 4 scrolls of butterflies
 K - 11 scrolls of fear
 L - 9 scrolls of poison
 O - 3 scrolls of silence
Potions
 d - 4 potions of berserk rage
 e - a potion of ambrosia
 f - 3 potions of magic
 h - 11 potions of lignification
 k - 11 potions of flight
 l - 12 potions of attraction
 A - 16 potions of curing
 B - 8 potions of mutation
 D - 6 potions of haste
 E - 8 potions of cancellation
 G - 11 potions of might
 H - 4 potions of resistance
 T - 2 potions of invisibility
 U - 3 potions of brilliance
Miscellaneous
 x - a phial of floods
 z - a tin of tremorstones (2/2)
 Q - a phantom mirror
 W - a box of beasts
 Y - a condenser vane
 Z - a lightning rod (4/4)


   Skills:
 + Level 17.1 Fighting
 + Level 11.3 Staves
 + Level 7.8 Armour
 + Level 7.9 Dodging
 - Level 5.0 Stealth
 + Level 11.3 Shields
 * Level 25.7 Spellcasting
 - Level 4.0 Conjurations
 - Level 5.0 Necromancy
 - Level 5.0 Translocations
 O Level 27 Ice Magic
 - Level 4.0 Air Magic
 - Level 10.5 Invocations
 - Level 3.0 Evocations


You had 15 spell levels left.
You knew the following spells:

 Your Spells              Type           Power      Damage    Failure   Level
a - Polar Vortex          Ice            73%        N/A       1%          9
b - Ozocubu's Armour      Ice            100%       N/A       0%          3
c - Frozen Ramparts       Ice            100%       1d16      0%          3
d - Hailstorm             Conj/Ice       100%       3d20      0%          3
e - Metabolic Englaciati  Hex/Ice        57%        N/A       1%          5
f - Freezing Cloud        Conj/Ice/Air   54%        6-21      1%          5
g - Dispel Undead         Necr           66%        3d23      1%          4
h - Lesser Beckoning      Tloc           100%       N/A       1%          2
j - Apportation           Tloc           100%       N/A       1%          1
l - Passage of Golubria   Tloc           66%        N/A       1%          4
r - Ozocubu's Refrigerat  Ice            73%        4d23      0%          7
s - Sublimation of Blood  Necr           66%        N/A       1%          2
v - Vhi's Electric Charg  Tloc/Air       100%       N/A       1%          3
B - Blink                 Tloc           100%       N/A       1%          2
G - Gell's Gravitas       Tloc           66%        N/A       1%          3
S - Simulacrum            Ice/Necr       61%        N/A       1%          6

Your spell library contained the following spells:

 Spells                   Type           Power      Damage    Failure   Level
 Freeze                   Ice            100%       1d10      0%          1
 Ensorcelled Hibernation  Hex/Ice        100%       N/A       0%          2
 Beastly Appendage        Tmut           84%        N/A       1%          1
 Foxfire                  Conj/Fire      100%       2x1d9     1%          1
 Kiss of Death            Conj/Necr      100%       2d13      1%          1
 Magic Dart               Conj           100%       1d8       1%          1
 Necrotise                Necr           100%       1d9       1%          1
 Sandblast                Erth           84%        2d18      1%          1
 Shock                    Conj/Air       100%       1d9       1%          1
 Slow                     Hex            100%       N/A       1%          1
 Sting                    Tmut/Pois      100%       1d8       1%          1
 Summon Small Mammal      Summ           100%       N/A       1%          1
 Call Imp                 Summ           42%        N/A       1%          2
 Cigotuvi's Dreadful Rot  Necr/Pois/Air  100%       N/A       1%          2
 Momentum Strike          Conj/Tloc      100%       3d10      1%          2
 Passwall                 Tmut/Erth      35%        N/A       1%          2
 Poisonous Vapours        Pois/Air       100%       N/A       1%          2
 Scorch                   Fire           100%       2d9       1%          2
 Searing Ray              Conj           100%       2d8       1%          2
 Static Discharge         Conj/Air       100%       2-7/arc   1%          2
 Wereblood                Tmut           42%        N/A       1%          2
 Dazzling Flash           Conj/Hex       100%       N/A       1%          3
 Mephitic Cloud           Conj/Pois/Air  56%        N/A       1%          3
 Portal Projectile        Hex/Tloc       100%       N/A       1%          3
 Stone Arrow              Conj/Erth      100%       3d13      1%          3
 Swiftness                Air            62%        N/A       1%          3
 Teleport Other           Tloc           66%        N/A       1%          3
 Vampiric Draining        Necr           66%        2d10      1%          3
 Volatile Blastmotes      Fire/Tloc      100%       2d18      1%          3
 Airstrike                Air            31%        2d(5-21)  1%          4
 Animate Dead             Necr           66%        N/A       1%          4
 Ice Form                 Ice/Tmut       100%       N/A       1%          4
 Iskenderun's Mystic Bla  Conj/Tloc      64%        2d13      1%          4
 Manifold Assault         Tloc           66%        N/A       1%          4
 Summon Ice Beast         Ice/Summ       100%       N/A       1%          4
 Call Canine Familiar     Summ           42%        N/A       2%          3
 Confusing Touch          Hex            42%        N/A       2%          3
 Ignite Poison            Fire/Tmut/Pois 59%        N/A       2%          3
 Inner Flame              Hex/Fire       59%        N/A       2%          3
 Spider Form              Tmut/Pois      42%        N/A       2%          3
 Summon Guardian Golem    Hex/Summ       42%        N/A       2%          3
 Tukima's Dance           Hex            42%        N/A       2%          3
 Anguish                  Hex/Necr       28%        N/A       3%          4
 Flame Wave               Conj/Fire      70%        2d16      3%          4
 Fulminant Prism          Conj/Hex       26%        3d14      3%          4
 Sticky Flame             Conj/Fire      70%        2d8       3%          4
 Summon Lightning Spire   Summ/Air       53%        N/A       3%          4
 Agony                    Necr           66%        N/A       3%          5
 Arcjolt                  Conj/Air       31%        1d41      4%          5
 Iskenderun's Battlesphe  Conj           62%        2d11      4%          5
 Animate Armour           Summ/Erth      84%        N/A       9%          4
 Cause Fear               Hex            21%        N/A       9%          4
 Leda's Liquefaction      Hex/Erth       21%        N/A       9%          4
 Olgreb's Toxic Radiance  Pois           42%        N/A       9%          4
 Petrify                  Tmut/Erth      42%        N/A       9%          4
 Borgnjor's Vile Clutch   Necr/Erth      28%        N/A       9%          5
 Summon Forest            Summ/Tloc      28%        N/A       9%          5
 Fireball                 Conj/Fire      35%        3d15      10%         5
 Irradiate                Conj/Tmut      26%        3d20      10%         5
 Silence                  Hex/Air        26%        N/A       10%         5
 Death Channel            Necr           33%        N/A       16%         6
 Dispersal                Tloc           33%        N/A       16%         6
 Alistair's Intoxication  Tmut/Pois      28%        N/A       22%         5
 Blade Hands              Tmut           21%        N/A       22%         5
 Lee's Rapid Deconstruct  Erth           21%        3d12*     22%         5
 Summon Mana Viper        Hex/Summ       42%        N/A       22%         5
 Yara's Violent Unravell  Hex/Tmut       21%        3d10      22%         5
 Conjure Ball Lightning   Conj/Air       31%        3x3d10    24%         6
 Iron Shot                Conj/Erth      26%        9d6       50%         6
 Plasma Beam              Fire/Air       35%        2x1d53    50%         6
 Starburst                Conj/Fire      35%        6d10      50%         6
 Eringya's Noxious Bog    Tmut/Pois      21%        N/A       77%         6
 Statue Form              Tmut/Erth      28%        N/A       77%         6
 Summon Cactus Giant      Summ           21%        N/A       77%         6
 Orb of Destruction       Conj           31%        9d10      80%         7
 Haunt                    Necr/Summ      28%        N/A       94%         7
 Malign Gateway           Summ/Tloc      28%        N/A       94%         7
 Spellforged Servitor     Conj/Summ      26%        N/A       97%         7
 Storm Form               Tmut/Air       26%        N/A       97%         7
 Dragon Form              Tmut           21%        N/A       100%        7
 Enfeeble                 Hex            21%        N/A       100%        7
 Monstrous Menagerie      Summ           21%        N/A       100%        7
 Summon Hydra             Summ           21%        N/A       100%        7
 Borgnjor's Revivificati  Necr           33%        N/A       100%        8
 Discord                  Hex            21%        N/A       100%        8
 Disjunction              Tloc           33%        N/A       100%        8
 Ignition                 Fire           29%        3d9       100%        8
 Infestation              Necr           33%        N/A       100%        8
 Lehudib's Crystal Spear  Conj/Erth      26%        10d7      100%        8
 Maxwell's Capacitive Co  Air            31%        ∞         100%        8
 Necromutation            Tmut/Necr      28%        N/A       100%        8
 Summon Horrible Things   Summ           21%        N/A       100%        8
 Chain Lightning          Conj/Air       31%        3d41      100%        9
 Death's Door             Necr           33%        N/A       100%        9
 Dragon's Call            Summ           21%        N/A       100%        9
 Fire Storm               Conj/Fire      35%        8d9       100%        9
 Shatter                  Erth           21%        3d19*     100%        9


Dungeon Overview and Level Annotations

Branches:
Dungeon (15/15)            Temple (1/1) D:5            Lair (5/5) D:8
  Swamp (4/4) Lair:3       Spider (4/4) Lair:2        Slime (5/5) Lair:4
    Orc (2/2) D:9             Elf (3/3) Orc:2        Vaults (5/5) D:14
  Crypt (0/3) Vaults:2     Depths (4/4) D:15           Hell (visited)
    Dis (0/7) Hell            Geh (0/7) Hell            Coc (0/7) Hell
    Tar (0/7) Hell            Zot (1/5) Depths:4    Ossuary (visited)
  IceCv (visited)

Altars:
Ashenzari
Cheibriados
Dithmenos
Elyvilon
Fedhas
Gozag
Hepliaklqana
Kikubaaqudgha
Makhleb
Nemelex Xobeh
Okawaru
Qazlal
Ru
Sif Muna
Trog
Uskayaw
Vehumet
Wu Jian
Xom
Yredelemnul
Zin
The Shining One
Jiyva

Shops:
D:12 *   D:14 *   Orc:1 (   Orc:2 (*?[*   Elf:1 *   Elf:2 [   Vaults:3 :
Vaults:4 (   Depths:1 !

Portals:
Hell: Depths:1 Depths:2 Depths:3 Depths:4
Abyss: Depths:3
Pandemonium: Depths:2 Depths:4
Ziggurat: Depths:1

Annotations:
Zot:1 Tiamat


Innate Abilities, Weirdness & Mutations

You have razor-sharp teeth.
Your natural rate of healing is unusually fast.
When hurt, damage is shared between your health and your magic reserves.
Your bite disrupts and absorbs the magic of your enemies.
Potions cannot restore your health.


Message History

The death cob is almost destroyed.
The moth of wrath is moderately wounded.
You block the death cob's attack. x2
The white draconian stormcaller invokes the aid of Qazlal against you.
Qazlal smites you!
Casting: Ozocubu's Refrigeration (safe; 0% risk of failure)
Confirm with . or Enter, or press ? or * to list all spells.
You feel a surge of power!
The heat is drained from your surroundings.
Tiamat is lightly wounded.
The red draconian scorcher is moderately wounded.
The red draconian scorcher seems to slow down.
The white draconian stormcaller resists.
The white draconian stormcaller is lightly wounded.
The death cob resists.
You destroy the death cob!
Sif Muna accepts your kill.
The moth of wrath is severely wounded.
The winds around you calm down.
Okay, then.
Casting: Ozocubu's Refrigeration (safe; 0% risk of failure)
Confirm with . or Enter, or press ? or * to list all spells.
You feel a surge of power!
A great freezing vortex appears around you.
The moth of wrath goads Tiamat on!
Tiamat goes berserk!
You block Tiamat's attack.
The white draconian stormcaller breathes frost at you.
The blast of cold hits you. You resist.
Tiamat hits you from afar with a +3 heavy bardiche!
A yellow draconian annihilator comes into view.
It is wielding a +4 rapier of distortion.
A white draconian comes into view. It is wielding a +0 hand axe.
The red draconian scorcher casts a spell at you.
The sphere of damnation explodes!
The damnation engulfs you!!
You hear a roar!
Magic courses through your body.
You kill the moth of wrath!
Sif Muna accepts your kill.
Tiamat hits you from afar with a +3 heavy bardiche!!!!
Ouch! That really hurt!
You die...

###....# #qd..# #....#
#....# ####q§§§#####
#.§q§§§§#.§.#
#.§§§§§§#§§.##
#.§§§§§§§§§..#
#.§§§§@§§§§..#
####d§§§§§§..# #####
#§§§§#§§.##
##...#########§§§§#.§.#
..).)........§§§§§#...#
..................#####
...)....)...^.........#
∩...#######...###...###
....# ##### #...#


You could see Tiamat (berserk), a white draconian, a white draconian stormcaller
(catching breath), a yellow draconian annihilator and a red draconian scorcher
(slow).

Vanquished Creatures
  the Royal Jelly (Slime:5)
  A dread lich (Vaults:5)
  Mara (Spider:4)
  4 ancient liches
  A juggernaut (Depths:1)
  Sojobo (Depths:1)
  the Lernaean hydra (Swamp:4)
  Bai Suzhen (Spider:4)
  3 golden dragons (Vaults:5)
  Xtahua (Vaults:5)
  3 caustic shrikes (Depths:1)
  Geryon (Hell)
  the Enchantress (Depths:2)
  Nikola (Depths:2)
  A bone dragon (Depths:4)
  The ghost of Goxon Jio the Warrior, an adept MfGl of Ashenzari (Swamp:2)
  Jorgrun (Swamp:3)
  Zenata (Vaults:3)
  Asterion (D:15)
  An iron giant (shapeshifter) (Vaults:5)
  4 tentacled monstrosities
  2 Ice Fiends (IceCv)
  10 liches
  A titan (Vaults:3)
  A walking frostbound tome (Depths:3)
  2 deep elf master archers (Elf:3)
  2 walking divine tomes
  2 deep elf blademasters (Elf:3)
  A quicksilver dragon (Vaults:5)
  Kirke (D:12)
  A death cob (Zot:1)
  18 acid blobs
  5 sphinxes
  2 tentacled starspawn
  Frances (Swamp:1)
  Gastronok (Lair:3)
  5 tengu reavers
  3 shadow dragons
  7 storm dragons
  A nagaraja (Abyss:3)
  Roxanne (Spider:1)
  4 thorn hunters (Swamp:3)
  12 rockslimes
  14 azure jellies
  11 fire giants
  6 frost giants
  15 vault wardens
  A draconian knight (Zot:1)
  8 deep elf sorcerers
  10 emperor scorpions
  2 juggernaut zombies
  Aizul (Swamp:4)
  A draconian scorcher (Zot:1)
  Louise (Swamp:1)
  5 ghost moths
  3 balrugs
  An orc warlord (Vaults:4)
  An angel (Abyss:3)
  4 draconian stormcallers
  5 reapers (Hell)
  A juggernaut skeleton (Depths:3)
  The ghost of Yguig the Convoker, a journeyman BaGl of Cheibriados (D:13)
  2 deep elf elementalists (Elf:3)
  2 draconian annihilators (Zot:1)
  12 ironbound preservers
  9 quicksilver oozes
  3 spriggan defenders (Depths:2)
  2 war gargoyles
  6 broodmothers (Spider:4)
  6 ironbound thunderhulks
  26 very ugly things
  4 vampire knights
  7 bunyips
  8 deep elf demonologists
  4 yellow draconians
  11 stone giants
  4 deep elf annihilators
  18 spark wasps
  A green draconian (Zot:1)
  2 white draconians
  19 starcursed masses
  Azrael (D:12)
  An eleionoma (Swamp:4)
  2 red draconians
  4 black draconians (Zot:1)
  A wendigo (Hell)
  16 dire elephants
  2 purple draconians
  4 blizzard demons
  Snorg (D:12)
  3 crystal guardians
  7 fire dragons
  6 deep elf death magi
  Josephine (Lair:4)
  16 ettins
  11 yaktaur captains
  4 green deaths
  4 jiangshi
  4 shambling mangroves
  11 great orbs of eyes
  9 entropy weavers
  2 entropy weavers (shapeshifter)
  Fannar (D:12)
  5 deep elf high priests
  Harold (D:9)
  9 rakshasas
  26 vault guards
  6 spriggan air magi
  A caustic shrike simulacrum (IceCv)
  7 ice dragons
  21 hydras
  3 death knights
  10 two-headed ogres
  21 centaur warriors
  4 ghost crabs
  2 jorogumos
  9 alligators
  4 radroaches
  8 ironbound frosthearts
  An ogre mage (Vaults:3)
  12 boulder beetles
  2 catoblepae (Lair:5)
  9 tengu warriors
  2 peacekeepers
  8 hell hogs
  3 death yaks (Lair:5)
  6 deep troll shamans
  4 vampire magi
  2 thrashing horrors
  34 dancing weapons
  A shock serpent (shapeshifter) (Vaults:4)
  8 spriggan berserkers
  Nergalle (D:10)
  12 deep troll earth magi
  15 iron trolls
  4 orc high priests
  A storm dragon zombie (Hell)
  Urug (D:10)
  41 hell knights
  19 deep elf knights
  5 wretched stars
  6 soul eaters
  2 crystal echidnas (Hell)
  A sixfirhy (Abyss:3)
  4 skeletal warriors (D:15)
  16 sun demons
  13 swamp dragons
  An iron troll (shapeshifter) (Vaults:5)
  7 pharaoh ants
  5 spriggan druids
  A golden dragon zombie (Hell)
  A deep troll (shapeshifter) (Elf:1)
  3 goliath frogs
  7 orb spiders
  46 deep trolls
  2 shadow demons (Abyss:3)
  4 tengu zombies
  5 glowing orange brains
  A sun moth (Spider:4)
  8 wizards
  4 flayed ghosts
  2 obsidian statues (IceCv)
  A swamp dragon (shapeshifter) (Vaults:3)
  A spriggan simulacrum (IceCv)
  16 bog bodies
  15 deep elf archers
  27 deep elf pyromancers
  4 lindwurms
  A lindwurm (shapeshifter) (Depths:1)
  13 ironbound convokers
  7 steelbarb worms
  6 orc knights
  32 deep elf zephyrmancers
  17 necromancers
  4 phantasmal warriors
  4 harpies (Vaults:1)
  2 orange crystal statues (Hell)
  22 wolf spiders
  5 shining eyes
  4 orc sorcerers (Orc:2)
  51 ugly things
  3 oklob plants
  3 frost giant zombies
  A salamander (shapeshifter) (D:15)
  2 manticores
  5 stone giant zombies
  8 moths of wrath
  4 will-o-the-wisps
  A moth of wrath (shapeshifter) (Depths:3)
  A worldbinder (Abyss:3)
  A fire giant skeleton (Depths:1)
  2 fire giant zombies
  10 cyclopes
  A frost giant skeleton (Depths:1)
  6 elephants
  A centaur zombie (Abyss:2)
  14 vault sentinels
  95 slime creatures
  2 black mambas
  2 rust devils
  6 smoke demons
  2 eyes of devastation (Slime:4)
  2 gargoyles
  An orange demon (Abyss:2)
  A guardian serpent (Abyss:3)
  3 apocalypse crabs (Abyss:3)
  6 cane toads
  6 torpor snails
  13 demonic crawlers
  A storm dragon simulacrum (Depths:1)
  Psyche (D:11)
  A hellion (Abyss:3)
  A kobold demonologist (D:12)
  40 yaktaurs
  An efreet (Abyss:2)
  2 unseen horrors
  A bunyip simulacrum (Hell)
  7 komodo dragons
  3 rime drakes
  3 ice devils
  2 spriggan skeletons (Depths:1)
  4 freezing wraiths
  2 tengu conjurers
  3 ancient zymes
  2 red devils (Depths:4)
  A yaktaur skeleton (Vaults:4)
  A troll (shapeshifter) (Vaults:5)
  2 golden dragon simulacra (IceCv)
  3 trolls
  28 tarantellas
  A hellwing (Depths:4)
  A shadow dragon simulacrum (Depths:1)
  2 bloated husks
  7 meliai
  24 hornets
  2 meliai (shapeshifter)
  3 polar bears
  17 tyrant leeches
  4 raiju
  Prince Ribbit (D:5)
  17 blink frogs
  17 culicivoras
  24 jumping spiders
  An elf skeleton (Vaults:4)
  A jumping spider (shapeshifter) (Vaults:5)
  2 shadows
  8 water elementals
  22 spriggans
  2 air elementals (Elf:1)
  3 spriggan zombies
  5 wyverns
  10 wraiths
  A vampire (D:10)
  16 humans (D:14)
  26 yaks
  7 basilisks
  An elf zombie (Vaults:4)
  3 hogs (D:12)
  4 ynoxinuls
  An elf simulacrum (Vaults:2)
  A fire bat (shapeshifter) (Depths:2)
  6 fire elementals
  8 golden eyes
  4 chaos spawn
  4 steam dragons
  A hog (shapeshifter) (Vaults:5)
  A neqoxec (Abyss:2)
  45 redbacks
  20 vampire mosquitoes
  4 wargs
  A minotaur simulacrum (IceCv)
  15 swamp worms
  11 large abominations
  An acid dragon (D:8)
  2 harpy simulacra (IceCv)
  A glowing shapeshifter zombie (Vaults:4)
  4 hydra simulacra
  8 water moccasins
  7 hell hounds
  7 floating eyes
  24 orc warriors
  A sky beast (D:6)
  8 swamp drakes
  An ice beast (shapeshifter) (D:15)
  A swamp drake (shapeshifter) (Depths:1)
  7 ogres
  A black bear (Lair:2)
  A black mamba simulacrum (Hell)
  6 ettin simulacra (IceCv)
  2 ice beasts
  6 boggarts
  A human skeleton (Vaults:4)
  18 centaurs
  17 wolves (Lair:5)
  2 phantoms
  5 kobold brigands
  2 earth elementals
  6 bullfrogs
  A gnoll sergeant (D:8)
  4 scorpions
  8 small abominations
  21 wights
  2 hornet simulacra
  9 killer bees
  An oklob sapling (Swamp:3)
  5 electric eels (Spider:2)
  3 howler monkeys
  A crimson imp (Abyss:2)
  3 jellies
  A quasit (Abyss:3)
  A hound (D:4)
  A gnoll bouda (D:6)
  22 orc priests
  2 sleepcaps
  Terence (D:3)
  6 iguanas
  Natasha (thrice) (D:2)
  35 orc wizards
  A mummy (Ossuary)
  Robin (D:3)
  16 gnolls
  A river rat (D:9)
  9 adders
  A white imp (Vaults:2)
  2 ufetubi
  2 worms
  6 dart slugs
  78 orcs
  5 spectral bats (Ossuary)
  5 endoplasms
  2 giant cockroaches
  14 goblins
  15 hobgoblins
  4 quokkas
  7 ball pythons
  4 bats
  2 bat simulacra (Ossuary)
  4 frilled lizards
  12 gnoll zombies (Ossuary)
  2 goblin simulacra (Ossuary)
  2 goblin zombies (Ossuary)
  9 hobgoblin zombies (Ossuary)
  19 kobolds
  4 kobold simulacra (Ossuary)
  3 kobold zombies (Ossuary)
  4 orc zombies (Ossuary)
  7 rats
  3 rat simulacra (Ossuary)
  5 spectral goblins (Ossuary)
  3 spectral kobolds (Ossuary)
  5 spectral rats (Ossuary)
  23 briar patches (Swamp:3)
  A bush (Swamp:4)
  A fire vortex (Hell)
  2 lurking horrors
  A starspawn tentacle (Abyss:3)
  3 toadstools (Depths:1)
2383 creatures vanquished.

Vanquished Creatures (collateral kills)
  2 shadow dragons (Vaults:5)
  An azure jelly (Slime:5)
  A fire giant (Vaults:5)
  2 ironbound preservers
  A vault guard (Vaults:5)
  An ironbound frostheart (Vaults:1)
  2 death yaks (Lair:4)
  An ironbound convoker (Vaults:1)
  An orc knight (Vaults:5)
  A deep elf pyromancer (Vaults:5)
  An ogre (D:5)
  An ice beast (D:5)
  3 killer bees (D:8)
  A jelly (D:5)
  3 orcs
  An endoplasm (D:4)
  A hobgoblin (D:4)
  A ball python (D:4)
25 creatures vanquished.

Vanquished Creatures (others)
  A nagaraja (Abyss:3)
  A yellow draconian (Depths:4)
  A vault guard (Vaults:5)
  A titan zombie (Hell)
  A deep troll earth mage (Depths:1)
  A spriggan berserker (Depths:4)
  2 deep elf knights (Elf:2)
  A spectral bunyip (Swamp:2)
  An iron troll (Depths:1)
  2 bog bodies (Swamp:2)
  A fire giant skeleton (Depths:3)
  A bunyip simulacrum (Swamp:2)
  A bloated husk (Swamp:2)
  A tyrant leech (Swamp:2)
  A yak (Lair:1)
  A vampire mosquito (D:12)
  A steam dragon (D:9)
  A wolf (Lair:5)
  A bullfrog (D:8)
  A gnoll sergeant (D:12)
  2 killer bees (D:8)
  An iguana (D:4)
  An orc wizard (Orc:2)
  An orc (D:6)
  A hobgoblin (D:3)
  A briar patch (Swamp:3)
  4 foxfires
  68 fungi
  44 plants
  3 starspawn tentacles
148 creatures vanquished.

Grand Total: 2556 creatures vanquished

Notes
Turn   | Place    | Note
-------+----------+-------------------------------------------
     0 | D:1      | Khashishi the Vine Stalker Ice Elementalist began the quest
                  | for the Orb.
     0 | D:1      | Reached XP level 1. HP: 9/9 MP: 4/4
   103 | D:1      | Reached XP level 2. HP: 13/13 MP: 2/6
   635 | D:2      | Reached XP level 3. HP: 10/16 MP: 0/8
   639 | D:2      | Learned a level 3 spell: Frozen Ramparts
   643 | D:2      | Learned a level 3 spell: Ozocubu's Armour
   735 | D:2      | Noticed Natasha
   745 | D:2      | Killed Natasha
   746 | D:2      | Reached skill level 5 in Ice Magic
   746 | D:2      | Gained mutation: Your natural rate of healing is unusually
                  | fast. [Vine Stalker growth]
   746 | D:2      | Reached XP level 4. HP: 8/21 MP: 0/9
   829 | D:2      | Noticed Natasha
   842 | D:2      | Killed Natasha
   921 | D:2      | Reached XP level 5. HP: 24/24 MP: 10/10
   953 | D:2      | Found a shadowy altar of Dithmenos.
   961 | D:2      | You fall into a shaft and drop 1 floor!
  1058 | D:3      | Reached skill level 6 in Ice Magic
  1171 | D:3      | Noticed Robin
  1180 | D:3      | Killed Robin
  1192 | D:3      | Noticed Terence
  1233 | D:3      | Killed Terence
  1285 | D:2      | Noticed Natasha
  1291 | D:2      | Reached XP level 6. HP: 28/28 MP: 5/11
  1292 | D:2      | Killed Natasha
  1425 | D:2      | Reached skill level 7 in Ice Magic
  1765 | D:3      | Found a hazy altar of Hepliaklqana.
  2260 | D:4      | Found a sand-covered staircase.
  2276 | Ossuary  | Entered an ossuary
  2920 | D:4      | Reached skill level 1 in Fighting
  2942 | D:4      | Reached XP level 7. HP: 33/33 MP: 3/12
  3044 | D:5      | Entered Level 5 of the Dungeon
  3136 | D:5      | Noticed Prince Ribbit
  3142 | D:5      | Killed Prince Ribbit
  3216 | D:5      | Gained mutation: You have razor-sharp teeth. [Vine Stalker
                  | growth]
  3216 | D:5      | Reached XP level 8. HP: 39/39 MP: 13/15
  3312 | D:5      | Identified the staff of cold "Fiunuup" {rC+ Int+2 SInv}
  3489 | D:5      | Reached skill level 8 in Ice Magic
  3636 | D:5      | Reached skill level 1 in Staves
  3636 | D:5      | Reached skill level 1 in Armour
  3636 | D:5      | Reached skill level 1 in Evocations
  3684 | D:5      | Found a staircase to the Ecumenical Temple.
  3695 | Temple   | Entered the Ecumenical Temple
  3857 | Temple   | Became a worshipper of Sif Muna the Loreminder
  3885 | D:5      | Found a hide-covered altar of Uskayaw.
  4157 | D:4      | Found a sacrificial altar of Ru.
  4577 | D:6      | Reached skill level 5 in Spellcasting
  4733 | D:6      | Reached XP level 9. HP: 44/44 MP: 11/17
  4897 | D:6      | Found an ornate altar of the Wu Jian Council.
  4904 | D:6      | Noticed a spectral centipede
  5089 | D:6      | Found a blossoming altar of Fedhas.
  5132 | D:6      | Reached * piety under Sif Muna
  5278 | D:7      | Reached skill level 1 in Invocations
  5672 | D:7      | Found a glowing silver altar of Zin.
  5721 | D:7      | Learned a level 3 spell: Hailstorm
  5785 | D:7      | Found an iron altar of Okawaru.
  6040 | D:8      | Found a staircase to the Lair.
  6047 | D:8      | Reached skill level 9 in Ice Magic
  6049 | D:8      | Reached skill level 1 in Conjurations
  6078 | D:8      | Noticed a two-headed ogre
  6088 | D:8      | Killed a two-headed ogre
  6088 | D:8      | Reached ** piety under Sif Muna
  6089 | D:8      | Reached XP level 10. HP: 42/49 MP: 5/20
  6352 | D:8      | Noticed a two-headed ogre
  6358 | D:8      | Reached skill level 10 in Ice Magic
  6378 | D:8      | Killed a two-headed ogre
  6592 | D:8      | Reached *** piety under Sif Muna
  6613 | D:8      | Found a shadowy altar of Dithmenos.
  6753 | D:8      | Noticed a cyan ugly thing
  6764 | D:8      | Killed a cyan ugly thing
  6765 | D:8      | Reached XP level 11. HP: 44/52 MP: 17/24
  6835 | D:8      | Noticed a two-headed ogre
  6917 | D:8      | Killed a two-headed ogre
  6918 | D:8      | Reached skill level 11 in Ice Magic
  6963 | D:8      | Noticed a boulder beetle
  6963 | D:8      | Noticed an orc knight
  6963 | D:8      | Noticed a two-headed ogre
  6968 | D:8      | Killed a two-headed ogre
  6969 | D:8      | Reached skill level 5 in Invocations
  6969 | D:8      | Killed an orc knight
  6976 | D:8      | Killed a boulder beetle
  7295 | Lair:1   | Entered Level 1 of the Lair of Beasts
  7824 | Lair:1   | Reached skill level 10 in Spellcasting
  7825 | Lair:1   | Reached **** piety under Sif Muna
  7829 | Lair:1   | Reached skill level 12 in Ice Magic
  7834 | Lair:1   | Reached XP level 12. HP: 56/56 MP: 22/27
  8453 | Lair:2   | Found a hole to the Spider Nest.
  9138 | Lair:3   | Found a staircase to the Swamp.
  9472 | Lair:3   | Noticed Gastronok
  9499 | Lair:3   | Killed Gastronok
  9946 | Lair:4   | Reached skill level 13 in Ice Magic
 10005 | Lair:4   | Noticed a death yak
 10007 | Lair:4   | Noticed a death yak
 10015 | Lair:4   | Killed a death yak
 10015 | Lair:4   | Killed a death yak
 10113 | Lair:4   | Reached skill level 5 in Staves
 10221 | Lair:4   | Reached XP level 13. HP: 60/60 MP: 14/29
 10296 | Lair:4   | Found a viscous altar of Jiyva.
 10296 | Lair:4   | Found a staircase to the Slime Pits.
 10383 | Lair:4   | Noticed Josephine
 10398 | Lair:4   | Killed Josephine
 10467 | Lair:4   | Identified a scroll of acquirement
 10467 | Lair:4   | Acquired the Papyrus of Destined Glaciation
 10477 | Lair:4   | Learned a level 7 spell: Ozocubu's Refrigeration
 10483 | Lair:4   | Learned a level 5 spell: Freezing Cloud
 10854 | Lair:4   | Reached skill level 14 in Ice Magic
 10861 | Lair:4   | Reached skill level 1 in Air Magic
 10886 | Lair:5   | Entered Level 5 of the Lair of Beasts
 11173 | Lair:5   | Reached ***** piety under Sif Muna
 11173 | Lair:5   | Received a gift from Sif Muna
 11766 | Lair:5   | Reached skill level 15 in Ice Magic
 11912 | Lair:5   | Identified the staff of poison "Deuk" {Contam rPois rN+++
                  | Dex+2}
 11928 | Lair:5   | Upgraded the game from 0.30-a0-989-g0d87f670db to
                  | 0.30-a0-996-ga6910c8ee8
 12159 | D:9      | Noticed Harold
 12193 | D:9      | Killed Harold
 12395 | D:9      | Found a white marble altar of Elyvilon.
 12569 | D:9      | Received a gift from Sif Muna
 12574 | D:9      | Got Sif Muna's Exposition on Incendiary Minerals {god gift}
 12591 | D:9      | Reached XP level 14. HP: 65/66 MP: 30/30
 12674 | D:9      | Reached skill level 16 in Ice Magic
 12770 | D:9      | Found a staircase to the Orcish Mines.
 12830 | D:10     | Entered Level 10 of the Dungeon
 12900 | D:10     | Found an ancient bone altar of Kikubaaqudgha.
 12917 | D:10     | Noticed Nergalle
 12934 | D:10     | Killed Nergalle
 12986 | D:10     | Noticed Urug
 13000 | D:10     | Killed Urug
 13396 | D:10     | Found a bloodstained altar of Trog.
 14380 | D:11     | Noticed Psyche
 14383 | D:11     | Killed Psyche
 14836 | D:11     | Reached skill level 17 in Ice Magic
 14863 | D:11     | Received a gift from Sif Muna
 14864 | D:11     | Got Ippeorr's Enchiridion on the Voyage and Transmutation
                  | {god gift}
 15675 | D:12     | Noticed Fannar
 15722 | D:12     | Killed Fannar
 15732 | D:12     | Found Dawkej's Assorted Antiques.
 15776 | D:12     | Noticed Azrael
 15784 | D:12     | Killed Azrael
 15830 | D:12     | Noticed Kirke
 15842 | D:12     | Killed Kirke
 16099 | D:12     | Reached skill level 18 in Ice Magic
 16267 | D:12     | Noticed Snorg
 16277 | D:12     | Killed Snorg
 17236 | D:13     | Found a runed translucent door.
 17238 | D:13     | Noticed Yguig's ghost (journeyman BaGl)
 17851 | D:14     | Found a gate to the Vaults.
 17853 | D:14     | Received a gift from Sif Muna
 17856 | D:14     | Reached XP level 15. HP: 52/70 MP: 2/31
 18158 | D:14     | Reached skill level 19 in Ice Magic
 18398 | D:14     | Found Luahot's General Store.
 18406 | D:14     | Bought the +3 leather armour "Jukoimn" {rPois Regen+} for
                  | 366 gold pieces
 18817 | D:15     | Entered Level 15 of the Dungeon
 18914 | D:15     | Received a gift from Sif Muna
 18917 | D:15     | Got Sif Muna's Tome of Striking and Electrocution {god
                  | gift}
 19970 | D:15     | Found a staircase to the Depths.
 20254 | Orc:1    | Entered Level 1 of the Orcish Mines
 20324 | Orc:1    | Found Emneufaw's Weapon Boutique.
 20660 | Orc:2    | Entered Level 2 of the Orcish Mines
 20721 | Orc:2    | Received a gift from Sif Muna
 20722 | Orc:2    | Got Sif Muna's Sophisticated Hermeneutics {god gift}
 20813 | Orc:2    | Reached skill level 20 in Ice Magic
 20967 | Orc:2    | Found Tekubb's Magic Scroll Emporium.
 20967 | Orc:2    | Found Appaot's Assorted Antiques.
 20968 | Orc:2    | Found Zadoelus's Armour Shoppe.
 20972 | Orc:2    | Found Pineuw's Assorted Antiques.
 20976 | Orc:2    | Bought a scroll labelled BUONOKUATS for 25 gold pieces
 20977 | Orc:2    | Bought the +3 pair of mountain boots {steadfast, rC+} for
                  | 502 gold pieces
 20977 | Orc:2    | Found the +3 pair of mountain boots {steadfast, rC+}
 20989 | Orc:2    | Bought a scroll of blinking for 187 gold pieces
 20990 | Orc:2    | Bought a scroll of teleportation for 39 gold pieces
 20990 | Orc:2    | Bought a scroll of teleportation for 39 gold pieces
 21044 | Orc:2    | Found a staircase to the Elven Halls.
 21317 | Orc:2    | Found Meeg's Firing Range.
 21756 | Swamp:1  | Entered Level 1 of the Swamp
 22088 | Swamp:1  | Reached XP level 16. HP: 74/74 MP: 19/34
 22150 | Swamp:1  | Noticed Frances
 22157 | Swamp:1  | Killed Frances
 22185 | Swamp:1  | Noticed Louise
 22194 | Swamp:1  | Killed Louise
 22346 | Swamp:1  | Received a gift from Sif Muna
 22348 | Swamp:1  | Got Sif Muna's Guidebook on the Shift and the Missiles {god
                  | gift}
 23781 | Swamp:2  | Reached skill level 5 in Shields
 24331 | Swamp:2  | Found a transporter.
 24587 | Swamp:2  | Noticed Goxon Jio's ghost (adept MfGl)
 24645 | Swamp:2  | Found a transporter.
 24661 | Swamp:2  | Reached skill level 21 in Ice Magic
 25896 | Swamp:3  | Received a gift from Sif Muna
 25897 | Swamp:3  | Got Cycal's Encyclopedia of Rime and the Crater {god gift}
 25911 | Swamp:3  | Learned a level 9 spell: Polar Vortex
 26035 | Swamp:3  | Noticed a thorn hunter
 26039 | Swamp:3  | Killed a thorn hunter
 26168 | Swamp:3  | Noticed a thorn hunter
 26173 | Swamp:3  | Killed a thorn hunter
 26183 | Swamp:3  | Noticed Jorgrun
 26189 | Swamp:3  | Killed Jorgrun
 26225 | Swamp:3  | Noticed a thorn hunter
 26228 | Swamp:3  | Noticed a thorn hunter
 26232 | Swamp:3  | Reached XP level 17. HP: 77/77 MP: 29/35
 26909 | Swamp:4  | Entered Level 4 of the Swamp
 27123 | Swamp:4  | Reached skill level 22 in Ice Magic
 27596 | Swamp:4  | Noticed Aizul
 27606 | Swamp:4  | Killed Aizul
 27958 | Swamp:4  | Received a gift from Sif Muna
 27960 | Swamp:4  | Got Mapy's Compilation of Displaced Arcane Weapons {god
                  | gift}
 28234 | Swamp:4  | Noticed the 27-headed Lernaean hydra
 28244 | Swamp:4  | Killed the 27-headed Lernaean hydra
 28245 | Swamp:4  | Reached skill level 23 in Ice Magic
 28272 | Swamp:4  | Got a decaying rune of Zot
 28870 | Spider:1 | Entered Level 1 of the Spider Nest
 29376 | Spider:1 | Learned a level 5 spell: Metabolic Englaciation
 30369 | Spider:1 | Identified Roxanne's Codex of the Lithosphere
 30369 | Spider:1 | Noticed Roxanne
 30540 | Spider:1 | Reached XP level 18. HP: 82/82 MP: 9/37
 30846 | Spider:1 | Reached skill level 24 in Ice Magic
 31381 | Spider:1 | Killed Roxanne
 33368 | Spider:3 | Received a gift from Sif Muna
 33369 | Spider:3 | Got Kusyjiud's Octavo of Diablerie {god gift}
 34127 | Spider:4 | Entered Level 4 of the Spider Nest
 34225 | Spider:4 | Noticed Bai Suzhen
 34232 | Spider:4 | Received a gift from Sif Muna
 34250 | Spider:4 | Killed Bai Suzhen
 34251 | Spider:4 | Reached skill level 15 in Spellcasting
 34251 | Spider:4 | Reached skill level 25 in Ice Magic
 35216 | Spider:4 | Reached XP level 19. HP: 86/86 MP: 23/39
 35294 | Spider:4 | Received a gift from Sif Muna
 35362 | Spider:4 | Noticed Mara
 35658 | Spider:4 | Got a gossamer rune of Zot
 35676 | Spider:4 | Killed Mara
 36249 | D:8      | Upgraded the game from 0.30-a0-996-ga6910c8ee8 to
                  | 0.30-a0-1008-g30c9307041
 36428 | Depths:1 | Entered Level 1 of the Depths
 36432 | Depths:1 | Noticed Asterion
 36512 | D:15     | Killed Asterion
 36609 | Depths:1 | Found Deiguciq's Distillery.
 36751 | Depths:1 | Noticed Sojobo
 36759 | Depths:1 | Killed Sojobo
 36760 | Depths:1 | Received a gift from Sif Muna
 36761 | Depths:1 | Reached skill level 26 in Ice Magic
 37055 | Depths:1 | Found a one-way gateway to a ziggurat.
 37379 | Depths:2 | Noticed a tentacled monstrosity
 37383 | Depths:2 | Noticed the Enchantress
 37428 | Depths:1 | Reached XP level 20. HP: 90/90 MP: 21/42
 37982 | Depths:1 | Found a gateway to Hell.
 38128 | Depths:1 | Noticed a juggernaut
 38167 | Depths:1 | Killed a juggernaut
 38313 | Depths:2 | Noticed an ancient lich
 38318 | Depths:2 | Found a transporter.
 38319 | Depths:2 | Found a shimmering blue altar of Sif Muna.
 38661 | Depths:2 | Found a one-way gate leading to the halls of Pandemonium.
 38726 | Depths:2 | Noticed Nikola
 38824 | Depths:2 | Received a gift from Sif Muna
 38860 | Depths:2 | Learned a level 2 spell: Sublimation of Blood
 38867 | Depths:2 | Learned a level 6 spell: Simulacrum
 38928 | Depths:2 | Killed Nikola
 38929 | Depths:2 | Reached skill level 1 in Necromancy
 39115 | Depths:2 | Identified the amulet "Tapn" {Reflect +Inv SH+5}
 39303 | Depths:2 | Learned a level 4 spell: Dispel Undead
 39496 | Depths:2 | Killed the Enchantress
 39521 | Depths:2 | Received a gift from Sif Muna
 39522 | Depths:2 | Got Sif Muna's Vellum of Stormy Black Liturgies {god gift}
 39818 | Depths:2 | Reached skill level 27 in Ice Magic
 40150 | Depths:3 | Reached XP level 21. HP: 65/95 MP: 22/44
 40447 | Depths:3 | Reached skill level 5 in Necromancy
 40880 | Depths:3 | Found a one-way gate to the infinite horrors of the Abyss.
 40954 | Depths:3 | Identified the ring of Wonder {rCorr AC+4}
 41057 | Depths:3 | Reached skill level 5 in Fighting
 41147 | Depths:3 | Reached skill level 5 in Armour
 41147 | Depths:3 | Reached skill level 5 in Dodging
 41748 | Vaults:1 | Entered Level 1 of the Vaults
 42153 | Vaults:1 | Received a gift from Sif Muna
 42338 | Vaults:1 | Identified the +6 glaive of Uxziqag {drain, rC+ Int+3}
 42928 | Vaults:2 | Found a staircase to the Crypt.
 43296 | Vaults:2 | Received a gift from Sif Muna
 43297 | Vaults:2 | Got Sif Muna's Anthology of the Boggart {god gift}
 43594 | Vaults:2 | Reached XP level 22. HP: 105/105 MP: 46/46
 44161 | Vaults:2 | Acquired the ring "Qesavoos" {Fire +Blink rN+++ Will-
                  | Dex+2}
 44382 | Vaults:3 | Found Simor's Book Shop.
 44776 | Vaults:3 | Received a gift from Sif Muna
 44793 | Vaults:3 | Got Haahulum's Lectures on the Different Map {god gift}
 44916 | Vaults:3 | Reached skill level 5 in Stealth
 45010 | Vaults:3 | Noticed Zenata
 45090 | Vaults:3 | Killed Zenata
 45636 | Vaults:4 | Identified the orb "Ezeih" {*channel, Int+4 Dex+3}
 46243 | Vaults:4 | Received a gift from Sif Muna
 46244 | Vaults:4 | Got Nubun's Exposition on Galvanic Mud {god gift}
 46474 | Vaults:4 | Reached skill level 10 in Fighting
 46492 | Vaults:4 | Found Saynoagho's Antique Weapon Boutique.
 47094 | Vaults:5 | Entered Level 5 of the Vaults
 47099 | Vaults:5 | Reached XP level 23. HP: 118/118 MP: 36/49
 47100 | Vaults:5 | Received a gift from Sif Muna
 47105 | Vaults:5 | Got Sif Muna's Verses on Congregated Traumaturgy {god gift}
 47105 | Vaults:5 | Noticed Xtahua
 47111 | Vaults:5 | Killed Xtahua
 47144 | Vaults:5 | Noticed an ancient lich
 47152 | Vaults:5 | Killed an ancient lich
 47463 | Vaults:5 | Received a gift from Sif Muna
 47569 | Vaults:5 | Got Sif Muna's Lost Record of the Lorekeeper {god gift}
 47761 | Vaults:5 | Noticed an ancient lich
 47770 | Vaults:5 | Killed an ancient lich
 47840 | Vaults:5 | Noticed a golden dragon
 47846 | Vaults:5 | Killed a golden dragon
 47889 | Vaults:5 | Noticed a dread lich
 47901 | Vaults:5 | Killed a dread lich
 48277 | Vaults:5 | Identified the +4 scale mail of Makhleb's Pride {Int+3}
 48353 | Vaults:5 | Noticed a golden dragon
 48504 | Vaults:5 | Identified the +0 pair of boots of Epnurag {+Inv rElec
                  | Int-2}
 48642 | Vaults:5 | Identified the staff of air "Votoudgh" {rElec Dex+2}
 48765 | Vaults:5 | Identified the ring "Uveole Bux" {+Blink SInv}
 48854 | Vaults:5 | Identified the ring of the Death Scarab {*Corrode rF++
                  | rC+++ AC+4 Dex-2}
 48948 | Vaults:5 | Noticed a golden dragon
 48966 | Vaults:5 | Killed a golden dragon
 49032 | Vaults:5 | Killed a golden dragon
 49091 | Vaults:5 | Noticed an ancient lich
 49102 | Vaults:5 | Killed an ancient lich
 49102 | Vaults:5 | Received a gift from Sif Muna
 49103 | Vaults:5 | Got Sif Muna's Precepts of Guile and the Tesseract {god
                  | gift}
 49104 | Vaults:5 | Identified the +3 falchion "Wevumitaku" {drain, rPois}
 49114 | Vaults:5 | Identified the staff of air "Maenloso" {rElec rF- rC++}
 49217 | Vaults:5 | Got a silver rune of Zot
 49547 | Elf:1    | Entered Level 1 of the Elven Halls
 49549 | Elf:1    | Reached XP level 24. HP: 128/128 MP: 43/50
 49698 | Elf:1    | Found a frozen archway.
 49710 | Elf:1    | Found Ibes's General Store.
 49729 | IceCv    | Entered an ice cave
 50791 | Elf:2    | Found Faworud's Antique Armour Shoppe.
 50805 | Elf:2    | Received a gift from Sif Muna
 50828 | Elf:2    | Got Sif Muna's Annotations on the Freezing Burn {god gift}
 50929 | Elf:2    | Identified the +6 battleaxe of the Fulmar {spect, SInv}
 50932 | Elf:2    | Bought a glowing scarf for 264 gold pieces
 51011 | Elf:2    | Found a runed translucent gate.
 51012 | Elf:2    | Found a runed translucent gate.
 51012 | Elf:2    | Found a runed translucent gate.
 51361 | Elf:2    | Reached skill level 15 in Fighting
 51772 | Elf:3    | Entered Level 3 of the Elven Halls
 52305 | Elf:3    | Received a gift from Sif Muna
 52798 | Elf:3    | Identified the +9 mace of Cuodu {chaos, Fly Str-2 Int+2}
 52807 | Elf:3    | Identified the +9 mace "Yxamp" {pain, rElec Int+5 Dex-3
                  | SInv}
 52868 | Elf:3    | Identified the +10 spear "Eceazeu" {holy, *Noise Int+4
                  | Dex+4}
 52976 | Elf:3    | Found the +27 heavy crossbow "Sniper" {heavy, Acc+∞ SInv}
 53007 | Elf:3    | Identified the staff of conjuration "Liceahof" {Fragile Fly
                  | rElec}
 53012 | Elf:3    | Identified the ring of Hippub {Int+2 SInv Stlth+}
 53014 | Elf:3    | Identified the +5 long sword "Zyixin" {venom, Fly rF+}
 53071 | Elf:3    | Identified the amulet of Nemelex Xobeh's Hope {Reflect
                  | rPois rN+ rCorr SH+5}
 53075 | Elf:3    | Received a gift from Sif Muna
 53078 | Elf:3    | Got Sif Muna's Omnibus of Bright Assembling {god gift}
 53130 | Elf:3    | Acquired 956 gold pieces
 53451 | D:13     | Killed Yguig's ghost
 53452 | D:13     | Reached XP level 25. HP: 137/137 MP: 40/52
 53772 | Swamp:2  | Killed Goxon Jio's ghost
 53786 | Swamp:2  | Identified the staff of cold "Vitucafi" {Fragile rElec rC+
                  | Str+2 Int+5}
 54060 | Slime:1  | Entered Level 1 of the Pits of Slime
 55587 | Slime:4  | Received a gift from Sif Muna
 55590 | Slime:4  | Got Sif Muna's Monograph on Traumaturgy and Reformation
                  | {god gift}
 55781 | Slime:5  | Entered Level 5 of the Pits of Slime
 55811 | Slime:5  | Found a viscous altar of Jiyva.
 55812 | Slime:5  | Noticed the Royal Jelly
 56376 | Slime:5  | Killed the Royal Jelly
 56378 | Slime:5  | Received a gift from Sif Muna
 56385 | Slime:5  | Got Sif Muna's Incunabulum of Despicable Liturgies {god
                  | gift}
 56407 | Slime:5  | Identified the +0 scale mail "Itiwaan" {Int+2}
 56409 | Slime:5  | Identified the +1 plate armour of Tomorrow {Str+3}
 56455 | Slime:5  | Identified the +12 battleaxe "Ticviof" {flame, Will+}
 56508 | Slime:5  | Identified the +5 plate armour "Wocosmienn" {Regen+}
 56539 | Slime:5  | Identified the ring "Eregheq" {Ice rCorr}
 56543 | Slime:5  | Got a slimy rune of Zot
 57346 | Depths:1 | Reached skill level 10 in Staves
 57550 | Depths:1 | Reached skill level 10 in Invocations
 57876 | Depths:1 | Identified the +0 plate armour "Tosielyb" {rN+ Str+4 Dex+3}
 58084 | Depths:1 | Reached XP level 26. HP: 140/144 MP: 44/52
 58207 | Depths:1 | Identified the +11 trident of the Leaping Gods {spect,
                  | Fragile rPois Will- Str+5}
 58280 | Hell     | Entered the Vestibule of Hell
 58280 | Hell     | Noticed Geryon
 58289 | Hell     | Killed Geryon
 58446 | Hell     | Found a gateway to the ashen valley of Gehenna.
 58589 | Hell     | Found a gateway to the freezing wastes of Cocytus.
 58694 | Hell     | Found a gateway to the decaying netherworld of Tartarus.
 58789 | Hell     | Found a gateway to the Iron City of Dis.
 58931 | Depths:2 | Received a gift from Sif Muna
 58945 | Depths:2 | Paralysed by a floating eye for 4 turns
 58947 | Depths:2 | Killed an ancient lich
 58994 | Depths:2 | Identified the scarf of Indemnity {harm, Will- Dex+4 SInv}
 59018 | Depths:2 | Found a transporter.
 59112 | Depths:2 | Reached skill level 10 in Shields
 59153 | Depths:2 | Learned a level 2 spell: Blink
 59157 | Depths:2 | Learned a level 3 spell: Vhi's Electric Charge
 59159 | Depths:2 | Learned a level 1 spell: Apportation
 59163 | Depths:2 | Learned a level 3 spell: Gell's Gravitas
 59181 | Depths:4 | Entered Level 4 of the Depths
 59190 | Depths:4 | Reached skill level 1 in Translocations
 59231 | Depths:4 | Learned a level 4 spell: Passage of Golubria
 59314 | Depths:4 | Found a gate to the Realm of Zot.
 59483 | Depths:4 | Learned a level 2 spell: Lesser Beckoning
 59512 | Depths:4 | Identified the scarf of Quyb {rC+ rF+, Fly Will+++}
 60010 | Depths:3 | Voluntarily entered the Abyss.
 60013 | Abyss:1  | Found a corrupted altar of Lugonu.
 60076 | Abyss:1  | Received a gift from Sif Muna
 60283 | Abyss:2  | Found a candlelit altar of Ignis.
 60305 | Abyss:3  | Found a corrupted altar of Lugonu.
 60407 | Depths:3 | Escaped the Abyss
 60448 | Depths:3 | Voluntarily entered the Abyss.
 60564 | Abyss:3  | Got an abyssal rune of Zot
 60599 | Abyss:3  | Received a gift from Sif Muna
 60640 | Abyss:3  | Reached XP level 27. HP: 141/149 MP: 53/53
 60676 | Abyss:3  | Found a corrupted altar of Lugonu.
 60693 | Abyss:3  | Found a corrupted altar of Lugonu.
 60717 | Depths:3 | Escaped the Abyss
 60780 | Zot:1    | Entered Level 1 of the Realm of Zot
 60788 | Zot:1    | Reached skill level 5 in Translocations
 60881 | Zot:1    | Found the +4 dragonskin cloak
 60881 | Zot:1    | Noticed Tiamat
 60902 | Zot:1    | Demolished by Tiamat

Illustrated notes

Levels and vault maps discovered:
D:1:      nicolae_arrival_somewhat_less_tricky_arrival, layout_rooms
D:2:      layout_loops_ring, basic_altar, uniq_natasha
D:3:      minmay_door_path, layout_basic, nzn_hepliaklqana_mist_gate,
          amcnicky_mini_rare_corridor_liquid, hex_medium, uniq_robin,
          uniq_terence
D:4:      layout_basic, nicolae_ru_path_of_blood,
          lightli_ossuary_entry_decrepit_ruins
D:5:      layout_basic, mainiacjoe_overflow_paths, minmay_temple_entry_trees,
          uniq_prince_ribbit1
D:6:      layout_basic, pdpol_wu_jian_five_deadly_venoms,
          mainiacjoe_overflow_brackets
D:7:      layout_basic, old_standard_altar, okawaru_altar_gauntlet_db
D:8:      nzn_winding_woodlands_stair_cross
          [nzn_winding_woodlands_5x15_pathside_ponds,
          nzn_winding_woodlands_center_diamonds,
          nzn_winding_woodlands_5x15_twine,
          nzn_winding_woodlands_5x5_closed_star,
          nzn_winding_woodlands_hourglass,
          nzn_winding_woodlands_5x15_split_checker,
          nzn_winding_woodlands_center_pierced_h,
          nzn_winding_woodlands_5x15_sidewinder], layout_loops_ring,
          lemuel_doored_altar, lair_entry_dummy
D:9:      layout_roguey, nicolae_overflow_crystal_walls, erik_orc_2,
          dk_vineyard_3, uniq_harold
D:10:     layout_grid_maze, mainiacjoe_overflow_alcove_4,
          kiku_gazebo_pond_becter, uniq_nergalle, uniq_urug
D:11:     layout_grid_maze, uniq_psyche
D:12:     layout_basic, nicolae_take_the_stairs, uniq_kirke, uniq_azrael,
          uniq_snorg, uniq_fannar
D:13:     layout_layer_cave, ebering_ghost_inner_flame
D:14:     layout_cave_pools, david_vaults_3, serial_shops, nicolae_diamond_shop,
          minmay_misc_feat_square
D:15:     gammafunk_enter_depths_forms, layout_irregular_city,
          minmay_crystal_water
Temple:   nicolae_temple_bog_church
Lair:1:   layout_cave_pods, st_stairs_6, serial_bayou_shore_a,
          infiniplex_staircase_pool, serial_bayou_shore_b
Lair:2:   layout_roguey, dummy_spider_entry
Lair:3:   layout_regular_city, minmay_swamp_entry_reptiles, uniq_gastronok
Lair:4:   layout_regular_city, minmay_slime_entry_oklob_open,
          beast_lair_carwin_11, uniq_josephine
Lair:5:   grunt_lair_end_beastmaster, layout_long_grid, grunt_megastairs_2
Swamp:1:  layout_basic_swamp, hangedman_swamp_ruin_wall, swamp_pool2,
          nicolae_swamp_soggy_hallways, uniq_louise, uniq_frances
Swamp:2:  cheibrodos_swamp_heart_of_darkness, layout_falls_marsh,
          gammafunk_ghost_mausoleum, evilmike_swamp_ruin_rubble_2, swamp_pool2
Swamp:3:  nicolae_swamp_phyte_club, layout_basic_swamp, serial_swamp_ruin,
          evilmike_swamp_ruin_house_5, evilmike_swamp_ruin_house_6, uniq_jorgrun
Swamp:4:  grunt_swamp_rune_castle, layout_basic_swamp, uniq_aizul
Spider:1: layout_chambers, nicolae_spider_jagged_tunnels, uniq_roxanne
Spider:2: layout_spider_delve, nicolae_spider_bzzzt
Spider:3: nicolae_spider_hilbert_zone_4 [nicolae_spider_hilbert_4_sides_2_open,
          nicolae_spider_hilbert_4_sides_1_open,
          nicolae_spider_hilbert_4_sides_1_open,
          nicolae_spider_hilbert_4_sides_1_open,
          nicolae_spider_hilbert_4_sides_1_open,
          nicolae_spider_hilbert_2_sides_1_open,
          nicolae_spider_hilbert_2_sides_1_open,
          nicolae_spider_hilbert_2_sides_1_open,
          nicolae_spider_hilbert_2_sides_1_open,
          nicolae_spider_hilbert_6_sides_1_open,
          nicolae_spider_hilbert_6_sides_1_open,
          nicolae_spider_hilbert_3_sides_1_open,
          nicolae_spider_hilbert_3_sides_1_open]
Spider:4: guppyfry_spider_rune, hangedman_stitches_earthworm, uniq_mara,
          uniq_bai_suzhen
Slime:1:  layout_caves
Slime:2:  layout_caves, nicolae_slime_phagocytosis
Slime:3:  layout_caves
Slime:4:  layout_caves
Slime:5
Orc:1:    layout_diamond_mine, serial_shops, nicolae_shop_bloodbath_and_beyond,
          guppyfry_orc_lava_fort
Orc:2:    st_orc_mages, layout_caves, nicolae_orc_stony_grotto,
          nicolae_orc_damp_corner, nicolae_shop_firing_range
Elf:1:    minmay_elf_arrival_circle, layout_loops_ring, serial_shops, shop,
          portal_ice_cave_entry_pillars_three, evilmike_minifort
Elf:2:    nicolae_elf_blades_crystal_corner, layout_rooms, serial_shops, shop,
          grunt_megastairs_5
Elf:3:    elf_hall_gauntlet_narrow, layout_geoelf_octagon, onia_ninara_cookie,
          grunt_megastairs_3
Vaults:1: v_misc_19, nicolae_vaults_diagonal_hallway_7, v_misc_28,
          ontoclasm_vaults_ring_square, dpeg_vaults_monster_row,
          vaults_room_hallway, v_misc_26, hangedman_vaults_trim, v_pattern_2,
          vaults_dpeg_doors, vaults_room_semicircle, layout_vaults_ring
Vaults:2: vaults_standard_mumra_x, vaults_dpeg_encased_lava,
          nicolae_vaults_rhombus_7, nicolae_vaults_puzzle_piece, v_misc_23,
          blue_anna_dwarven_crypt, ontoclasm_vaults_tryst, v_rooms_5,
          serial_ice_g, nicolae_vaults_mini_display_case, vaults_dpeg_cross,
          vaults_room_pool, layout_vaults_big_cross
Vaults:3: v_misc_12, v_misc_14, nicolae_vaults_asterisk,
          nicolae_vaults_little_squares_4, vaults_dpeg_emergency_exit,
          v_misc_13, nicolae_vaults_yaktaur_gun_rack, nicolae_vaults_asterisk,
          nicolae_vaults_ring_of_whatevers, st_more_cells,
          hangedman_vaults_slice, hangedman_vaults_capsules,
          layout_vaults_omnibox, serial_shops, shop, uniq_zenata
Vaults:4: hangedman_vaults_impose, nicolae_vaults_circle_grid_b,
          ontoclasm_vaults_claustrophobia, nicolae_vaults_theta,
          hangedman_vaults_pinch, vaults_dpeg_ring,
          nicolae_vaults_diagonal_hallway_6, v_misc_9, v_misc_30,
          nicolae_vaults_what_the_h, vaults_room_fours, layout_vaults_omnigrid,
          serial_shops, shop
Vaults:5: serial_shops, uniq_xtahua
Depths:1: hangedman_grunt_twisty_little_passages, layout_twisted_cross,
          enter_ziggurat_a, kennysheep_minor_cross, hell_entry, serial_shops,
          kennysheep_mini_moat, eino_curves_03, minmay_gold_behind_fungi,
          chequers_jeans, uniq_sojobo, uniq_asterion
Depths:2: gammafunk_sealed_library, layout_long_grid, grunt_decor_arrowhead,
          hellmouth_3, rand_demon_pan_entry_7, minmay_staircase_windowed_large,
          uniq_nikola, uniq_josephina, uniq_enchantress
Depths:3: cheibrodos_poisonous_passages, layout_gridlike, abyss_entry,
          serial_sigils_hangedman_quiver, hell_entry
Depths:4: grunt_zot_entry_funnels, layout_cave_shapes, hell_entry,
          grunt_pan_entry_spiral
Hell
Zot:1:    layout_misc_corridors, uniq_tiamat

Skill      XL: |  1  2  3  4  5  6  7  8  9 10 11 12 13 14 15 16 17 18 19 20 21 22 23 24 25 26 27 |
---------------+----------------------------------------------------------------------------------+-----
Spellcasting   | 3 4 5 6 8 10 11 13 14 15 17 18 19 21 22 24 25 | 25.7
Ice Magic      | 5 6 7 8 9 10 12 13 15 18 20 21 23 25 26 27 | 27.0
Fighting       | 1 2 3 4 7 11 13 15 16 17 | 17.1
Dodging        | 2 3 4 5 6 7 |  7.9
Stealth        | 3 5 |  5.0
Staves         | 2 3 5 6 8 10 11 | 11.3
Armour         | 2 3 4 5 6 7 |  7.8
Evocations     | 2 3 |  3.0
Invocations    | 3 4 6 8 9 10 | 10.5
Conjurations   | 2 3 4 |  4.0
Shields        | 2 3 5 7 8 10 11 | 11.3
Air Magic      | 4 |  4.0
Necromancy     | 4 5 |  5.0
Translocations | 4 5 |  5.0

Action                     |  1- 3 |  4- 6 |  7- 9 | 10-12 | 13-15 | 16-18 | 19-21 | 22-24 | 25-27 || total
---------------------------+-------+-------+-------+-------+-------+-------+-------+-------+-------++-------
  Melee: Unarmed           |     5 |       |       |       |       |       |       |       |       ||     5
         Bite              |     6 |    43 |    46 |    73 |   218 |    78 |   129 |   203 |   176 ||   972
         Dagger            |     9 |   147 |    37 |     1 |       |       |       |       |       ||   194
         Staff             |       |       |    94 |   201 |   539 |   225 |   240 |   339 |   315 ||  1953
  Throw: Dart              |       |     2 |    15 |    26 |    21 |       |       |       |       ||    64
         Throwing net      |       |       |       |       |     3 |       |       |       |       ||     3
   Cast: Freeze            |    38 |    58 |    25 |    16 |     3 |       |       |       |       ||   140
         Frozen Ramparts   |       |    13 |    31 |    53 |    98 |    13 |    20 |     4 |     1 ||   233
         Ozocubu's Armour  |       |    12 |    33 |    32 |    96 |    46 |    52 |    50 |    44 ||   365
         Hailstorm         |       |       |     4 |    42 |   162 |    69 |    17 |    34 |    34 ||   362
         Freezing Cloud    |       |       |       |       |     8 |    45 |    45 |    44 |    29 ||   171
         Ozocubu's Refrige |       |       |       |       |    63 |   356 |   233 |   341 |   206 ||  1199
         Polar Vortex      |       |       |       |       |       |       |    43 |    62 |    60 ||   165
         Sublimation of Bl |       |       |       |       |       |       |    80 |   203 |    97 ||   380
         Metabolic Englaci |       |       |       |       |       |       |     1 |     1 |       ||     2
         Simulacrum        |       |       |       |       |       |       |     5 |    13 |       ||    18
         Dispel Undead     |       |       |       |       |       |       |     5 |     8 |    19 ||    32
         Gell's Gravitas   |       |       |       |       |       |       |       |       |     5 ||     5
         Vhi's Electric Ch |       |       |       |       |       |       |       |       |     8 ||     8
         Blink             |       |       |       |       |       |       |       |       |     3 ||     3
 Invoke: Channel Magic     |       |       |       |     5 |     6 |    28 |    22 |    15 |    10 ||    86
  Evoke: Wand              |       |    12 |     4 |     2 |    19 |    31 |     5 |       |       ||    73
         Condenser vane    |       |       |       |       |     1 |       |     1 |       |     1 ||     3
         Phantom mirror    |       |       |       |       |       |       |     1 |       |     2 ||     3
         Tin of tremorston |       |       |       |       |       |       |       |     5 |     1 ||     6
         Box of beasts     |       |       |       |       |       |       |       |       |     1 ||     1
         Lightning rod     |       |       |       |       |       |       |       |       |     5 ||     5
         Phial of floods   |       |       |       |       |       |       |       |       |     1 ||     1
    Use: Scroll            |       |     9 |     7 |     7 |    14 |     2 |    10 |     7 |     7 ||    63
         Potion            |       |       |       |     2 |       |     6 |     7 |     9 |     5 ||    29
   Stab: Sleeping          |     5 |    18 |     5 |     1 |     4 |     1 |       |     1 |     3 ||    38
         Distracted        |       |       |       |       |       |       |       |     1 |       ||     1
 Armour: Robe              |     5 |    20 |       |       |       |       |       |       |       ||    25
         Ring mail         |     1 |       |       |       |       |       |       |       |       ||     1
         Leather armour    |       |    13 |    46 |    58 |   326 |   175 |   153 |       |       ||   771
         Steam dragon scal |       |       |     3 |    34 |       |       |       |       |       ||    37
         Skin              |       |       |       |    18 |       |       |       |       |       ||    18
         Acid dragon scale |       |       |       |       |       |       |    86 |   223 |   198 ||   507
  Dodge: Dodged            |    13 |    90 |   131 |   119 |   331 |   198 |   187 |   179 |   141 ||  1389
  Block: Kite shield       |       |       |     1 |   115 |   299 |   156 |    73 |       |       ||   644
         Buckler           |       |       |       |       |       |       |    57 |   130 |   140 ||   327
         Reflection        |       |       |       |       |       |       |       |       |     3 ||     3

Table legend: (Time is in decaauts)
 A = Elapsed time spent in this place.
 B = Non-inter-level travel time spent in this place.
 C = Inter-level travel time spent in this place.
 D = Time resting spent in this place.
 E = Time spent auto-exploring this place.
 F = Levels seen in this place.
 G = Mean time per level.
                   A        B        C        D        E       F      G
               +--------+--------+--------+--------+--------+-----+--------+
         Total |  61061 |  56421 |   4640 |  12113 |  22241 |  56 | 1090.4 |
       Dungeon |  16047 |  14280 |   1767 |   1230 |   7692 |  15 | 1069.8 |
        Temple |    178 |    156 |     22 |      0 |    143 |   1 |  178.0 |
          Lair |   5334 |   4600 |    734 |    200 |   2455 |   5 | 1066.8 |
         Swamp |   7521 |   7180 |    341 |   4079 |   1808 |   4 | 1880.2 |
   Spider Nest |   7377 |   7108 |    269 |   3415 |   1950 |   4 | 1844.2 |
    Slime Pits |   2665 |   2440 |    225 |    205 |   1282 |   5 |  533.0 |
  Orcish Mines |   1426 |   1294 |    132 |    170 |    726 |   2 |  713.0 |
   Elven Halls |   3282 |   3141 |    141 |    333 |    926 |   3 | 1094.0 |
        Vaults |   7567 |   7165 |    402 |    886 |   3268 |   5 | 1513.4 |
        Depths |   7496 |   6891 |    605 |   1566 |   1717 |   4 | 1874.0 |
          Hell |    549 |    549 |      0 |     13 |    243 |   1 |  549.0 |
           Zot |    117 |    117 |      0 |      0 |     29 |   1 |  117.0 |
         Abyss |    641 |    641 |      0 |      0 |      0 |   4 |  160.2 |
       Ossuary |    472 |    472 |      0 |      0 |      0 |   1 |  472.0 |
      Ice Cave |    382 |    382 |      0 |     15 |      0 |   1 |  382.0 |
               +--------+--------+--------+--------+--------+-----+--------+

Top non-repeatable levels by time:
Depths:1: 2847 daAuts
Spider:1: 2686 daAuts
 Swamp:2: 2244 daAuts
Depths:2: 2093 daAuts
 Swamp:1: 1920 daAuts
Spider:3: 1917 daAuts
Vaults:5: 1873 daAuts
    D:13: 1838 daAuts
 Swamp:4: 1815 daAuts
Vaults:4: 1768 daAuts
Spider:4: 1753 daAuts
Depths:3: 1731 daAuts
    D:11: 1724 daAuts
    D:15: 1564 daAuts
 Swamp:3: 1541 daAuts
